 Dungeon Crawl Stone Soup version 0.17.1-1-g73c8601 (webtiles) character file.

11590 Iscariot the Grappler (level 11, -11/115 HPs)
             Began as a Troll Monk on Jan 2, 2016.
             Was a High Priest of Okawaru.
             Mangled by a ten-headed hydra (12 damage)
             ... on level 1 of the Lair of Beasts on Jan 3, 2016.
             The game lasted 01:46:10 (10677 turns).

Iscariot the Grappler (Troll Monk)                 Turns: 10677, Time: 01:46:10

Health: -11/115    AC: 11    Str: 24    XL:     11   Next: 51%
Magic:  12/12      EV: 14    Int:  6    God:    Okawaru [*****.]
Gold:   652        SH:  0    Dex: 12    Spells: 0 memorised, 10 levels left

rFire  . . .     SeeInvis .       - Unarmed
rCold  . . .     Clarity  .     d - +1 robe
rNeg   + . .     SustAt   .     (no shield)
rPois  +         Gourm    +     F - +2 hat
rElec  .         Spirit   .     j - +2 cloak
rCorr  .         Warding  +     (gloves unavailable)
rMut   .         Stasis   .     (boots unavailable)
MR     .....                    r - amulet of warding
Stlth  ++........               B - ring of poison resistance
                                D - +5 ring of slaying

@: not resistant to hostile enchantments, unstealthy
A: unfitting armour, claws 3, horns 2, fast metabolism 3, gourmand, regeneration
2, shaggy fur 1, tough skin 2, wild magic 1, evolution 1
a: Heroism, Finesse, Renounce Religion


You were on level 1 of the Lair of Beasts.
You worshipped Okawaru.
Okawaru was extremely pleased with you.
You were very full.

You visited 2 branches of the dungeon, and saw 12 of its levels.

You collected 652 gold pieces.

Inventory:

Hand Weapons
 m - a +1 hunting sling of evasion
Missiles
 g - 345 stones
 i - 14 poisoned needles
 l - 26 arrows of frost
 n - 2 large rocks (quivered)
 t - 120 arrows
Armour
 d - a +1 robe (worn)
 j - a +2 cloak (worn)
 F - a +2 hat (worn)
Rods
 J - a +0 rod of inaccuracy (12/12)
   (You found it on level 9 of the Dungeon)
Jewellery
 a - an uncursed ring of see invisible
 h - an uncursed ring of sustain attributes
 q - an uncursed ring of protection from fire
 r - an amulet of warding (around neck)
 y - an uncursed amulet of resist corrosion
 B - a ring of poison resistance (right claw)
 D - a +5 ring of slaying (left claw)
 L - a +2 ring of intelligence
 R - an uncursed ring of protection from cold
 X - an uncursed ring of stealth
Wands
 f - a wand of disintegration (16)
 u - a wand of digging (12)
 v - a wand of slowing (14)
 x - a wand of enslavement (2)
 A - a wand of polymorph (13)
 M - a wand of draining (5)
 Q - a wand of fireball (1)
 S - a wand of teleportation (7)
Scrolls
 k - a scroll of enchant weapon
 o - 2 scrolls of fear
 p - 2 scrolls of recharging
 s - 3 scrolls of immolation
 C - a scroll of remove curse
 G - a scroll of teleportation
 I - a scroll of brand weapon
 N - 10 scrolls of identify
 O - a scroll of magic mapping
 U - 2 scrolls of blinking
 V - a scroll of fog
 Z - a scroll of torment {unknown}
Potions
 e - a potion of brilliance
 w - 2 potions of cancellation
 E - a potion of heal wounds
 K - a potion of curing
 T - a potion of berserk rage
Books
 H - a book of Enchantments

   Spells                             Type                      Level
   a - Cause Fear                     Hexes                        4
   b - Silence                        Hexes/Air                    5
   c - Deflect Missiles               Charms/Air                   6
   d - Haste                          Charms                       6
   e - Discord                        Hexes                        8
Miscellaneous
 P - a lamp of fire
Comestibles
 b - 15 bread rations
 c - 3 inedible chunks of flesh
 z - a beef jerky


   Skills:
 + Level 9.2 Fighting
 + Level 9.1 Dodging
 - Level 1.1 Stealth
 + Level 11.0 Unarmed Combat
 - Level 3.0 Evocations


You had 10 spell levels left.
You didn't know any spells.

Dungeon Overview and Level Annotations

Branches:
Dungeon (11/15)            Temple (0/1) D:6            Lair (1/8) D:10
    Orc: D:9-12

Altars:
Dithmenos
Fedhas
Kikubaaqudgha
Nemelex Xobeh
Okawaru
Qazlal
Sif Muna
Vehumet
Xom
The Shining One

Shops:
D:6 (

Annotations:
D:8 exclusion: ice statue


Innate Abilities, Weirdness & Mutations

You are too large for most types of armour.
You have claws for hands.
Your metabolism is lightning-fast.
You like to eat raw meat.
You heal very quickly.
You are covered in fur (AC +1).
You have very tough skin (AC +2).
You have a pair of horns on your head.
Your spells are a little harder to cast, but a little more powerful.
You evolve.


Message History

The ten-headed hydra barely misses you.
The ten-headed hydra closely misses you.
The ten-headed hydra bites you.
* * * LOW HITPOINT WARNING * * *
The ten-headed hydra bites you.
* * * LOW HITPOINT WARNING * * *
Evoke which item? (* to show all) (? for menu, Esc to quit)
Zapping:
S - a wand of teleportation {recharged} (will waste charges)
Press: ? - help, Shift-Dir - straight line, f/p - ten-headed hydra
Aim: a ten-headed hydra (moderately wounded, chance to defeat MR: 27%)
The ten-headed hydra looks slightly unstable.
Evoking this partially-identified wand wasted a few charges.
The ten-headed hydra bites you.
* * * LOW HITPOINT WARNING * * *
The ten-headed hydra bites you.
* * * LOW HITPOINT WARNING * * *
The ten-headed hydra barely misses you. The ten-headed hydra bites you.
* * * LOW HITPOINT WARNING * * *
The ten-headed hydra bites you!
You die...

........÷#.....#.........##
.........+.....#+..#.#...#
..##.#.#<##[..............##
.........†..............>.P#
..........................##
...........................#
..........................##
..........................#
...######..#...@D.........##
...#........+...#.#..####.P#
.. #........#...+.......#.##
#........#...........#.##
..........#...........'..#
.#........#.(.#.......#.P#
#............#.......#.##
##.#.#..##...###..#..#.#
........ .. .. .. ..#


You could see a ten-headed hydra.

Vanquished Creatures
  Pikel (D:6)
  2 hill giants (D:10)
  The ghost of Gargoyl the Skirmisher, a novice DsAK of Lugonu (D:7)
  A black mamba (Lair:1)
  A spiny frog (Lair:1)
  A troll (D:9)
  A fire drake (D:10)
  Grinder (D:3)
  2 two-headed ogres
  12 yaks (D:9)
  Sigmund (D:5)
  A hippogriff (D:10)
  A spriggan (D:9)
  2 hungry ghosts
  The ghost of Lanilor the Ducker, an amateur MfTm (D:3)
  A wyvern (D:8)
  Edmund (D:5)
  A gnoll sergeant (D:7)
  A black bear (D:6)
  4 orc warriors
  4 ice beasts
  3 necrophages
  2 sky beasts
  A slave (D:6)
  A crocodile (Lair:1)
  4 ogres
  A phantom (D:7)
  2 big kobolds
  4 centaurs
  3 giant frogs
  20 killer bees
  4 scorpions
  3 crimson imps
  2 giant frog zombies
  6 hounds
  6 two-headed ogre zombies (D:9)
  Crazy Yiuf (D:2)
  5 orc priests
  6 centaur skeletons
  11 orc wizards
  3 iguanas
  7 worker ants
  2 worker ant zombies
  13 adders
  A gnoll (D:6)
  A river rat (D:3)
  2 shadow imps
  An ooze (D:1)
  2 adder zombies
  7 giant geckos
  34 orcs
  7 giant cockroaches
  8 hobgoblins
  15 kobolds
  8 bats
  A giant gecko skeleton (D:8)
  2 giant newts (D:1)
  8 goblins
  2 goblin skeletons (D:8)
  A goblin zombie (D:8)
  5 hobgoblin zombies (D:8)
  4 jackals (D:3)
  A jackal zombie (D:7)
  A kobold zombie (D:8)
  2 orc skeletons (D:8)
  4 quokkas
  2 quokka zombies
  8 rats
  2 bushes (D:5)
280 creatures vanquished.

Vanquished Creatures (collateral kills)
  An ice beast (D:7)
1 creature vanquished.

Vanquished Creatures (others)
  A slave (D:8)
  An orc priest (D:8)
  An adder skeleton (D:6)
  An orc (D:8)
  4 kobolds
  A bush (D:5)
9 creatures vanquished.

Grand Total: 290 creatures vanquished

Notes
Turn   | Place    | Note
--------------------------------------------------------------
     0 | D:1      | Iscariot the Troll Monk began the quest for the Orb.
     0 | D:1      | Reached XP level 1. HP: 22/22 MP: 0/0
   209 | D:1      | Reached XP level 2. HP: 23/29 MP: 1/1
   716 | D:1      | You fall through a shaft!
   811 | D:2      | Reached XP level 3. HP: 36/36 MP: 2/2
   978 | D:2      | Found a faded altar to an unknown god.
  1152 | D:2      | Found an iron altar of Okawaru.
  1160 | D:2      | Became a worshipper of Warmaster Okawaru
  1160 | D:2      | Reached * piety under Okawaru
  1160 | D:2      | Reached ** piety under Okawaru
  1489 | D:2      | Noticed Crazy Yiuf
  1494 | D:2      | Killed Crazy Yiuf
  1494 | D:2      | Reached XP level 4. HP: 41/45 MP: 0/3
  1599 | D:2      | Found a sparkling altar of Nemelex Xobeh.
  1916 | D:3      | Noticed Lanilor's ghost (amateur MfTm)
  1922 | D:3      | Killed Lanilor's ghost
  1922 | D:3      | Reached skill level 5 in Unarmed Combat
  1922 | D:3      | Reached XP level 5. HP: 50/53 MP: 4/4
  2386 | D:3      | Reached XP level 6. HP: 62/62 MP: 5/5
  2392 | D:3      | Noticed Grinder
  2402 | D:3      | Killed Grinder
  2402 | D:3      | Reached *** piety under Okawaru
  2773 | D:3      | Reached XP level 7. HP: 71/71 MP: 6/6
  3325 | D:4      | Found a shadowy altar of Dithmenos.
  3473 | D:4      | Reached skill level 6 in Unarmed Combat
  3639 | D:5      | Entered Level 5 of the Dungeon
  3647 | D:5      | Noticed Edmund
  3746 | D:5      | Killed Edmund
  3758 | D:5      | Found a blossoming altar of Fedhas.
  3932 | D:5      | Noticed Sigmund
  3943 | D:5      | Killed Sigmund
  3943 | D:5      | Reached skill level 5 in Fighting
  4021 | D:5      | Gained mutation: You have a pair of small horns on your head. [potion of mutation]
  4021 | D:5      | Gained mutation: You evolve. [potion of mutation]
  4021 | D:5      | Gained mutation: You have a pair of horns on your head. [potion of mutation]
  4216 | D:5      | Reached XP level 8. HP: 74/80 MP: 7/7
  4317 | D:5      | Reached skill level 5 in Dodging
  4448 | D:5      | Found a deep blue altar of Sif Muna.
  4524 | D:5      | Found an ancient bone altar of Kikubaaqudgha.
  4524 | D:5      | Found a stormy altar of Qazlal.
  4524 | D:5      | Found a radiant altar of Vehumet.
  4662 | D:6      | Noticed Pikel
  4675 | D:6      | Killed Pikel
  4675 | D:6      | Reached **** piety under Okawaru
  4675 | D:6      | Reached skill level 7 in Unarmed Combat
  4675 | D:6      | Reached skill level 1 in Evocations
  4706 | D:6      | Gained mutation: Your spells are a little harder to cast, but a little more powerful. [evolution]
  4935 | D:6      | Reached XP level 9. HP: 86/89 MP: 9/9
  4954 | D:6      | Reached ***** piety under Okawaru
  4985 | D:6      | Found a shimmering altar of Xom.
  5375 | D:6      | Found a staircase to the Ecumenical Temple.
  5443 | D:6      | Found Jeyxul's Weapon Emporium.
  5667 | D:7      | Reached skill level 8 in Unarmed Combat
  5821 | D:7      | Noticed Gargoyl's ghost (novice DsAK)
  5971 | D:7      | Killed Gargoyl's ghost
  5971 | D:7      | Received a gift from Okawaru
  7044 | D:8      | Reached XP level 10. HP: 102/102 MP: 11/11
  7081 | D:8      | Found a glowing golden altar of the Shining One.
  7138 | D:8      | Reached skill level 9 in Unarmed Combat
  7679 | D:8      | Noticed an ice statue
  8670 | D:9      | Reached skill level 10 in Unarmed Combat
  8863 | D:9      | Reached XP level 11. HP: 92/113 MP: 12/12
  9191 | D:9      | Received a gift from Okawaru
  9781 | D:10     | Entered Level 10 of the Dungeon
  9781 | D:10     | Found a staircase to the Lair.
 10325 | D:10     | Noticed a hill giant
 10334 | D:10     | Killed a hill giant
 10456 | D:11     | Noticed a hill giant
 10492 | D:10     | Noticed a hill giant
 10500 | D:10     | Killed a hill giant
 10525 | Lair:1   | Entered Level 1 of the Lair of Beasts
 10589 | Lair:1   | Reached skill level 11 in Unarmed Combat
 10644 | Lair:1   | Noticed an eight-headed hydra
 10677 | Lair:1   | HP: 5/115 [ten-headed hydra (5)]
 10677 | Lair:1   | HP: 1/115 [ten-headed hydra (4)]
 10677 | Lair:1   | Mangled by a ten-headed hydra

Action                   |  1- 3 |  4- 6 |  7- 9 | 10-12 || total
-------------------------+-------+-------+-------+-------++-------
Melee: Unarmed           |    83 |    61 |   220 |   294 ||   658
Invok: Heroism           |     1 |       |       |       ||     1
Evoke: Wand              |       |       |     2 |     5 ||     7
  Use: Scroll            |     1 |       |    17 |     1 ||    19
       Potion            |       |       |    14 |     2 ||    16
 Stab: Sleeping          |     3 |     4 |     3 |       ||    10
  Eat: Chunk             |    16 |    15 |    29 |    46 ||   106
       Pizza             |       |       |     1 |       ||     1
       Bread ration      |       |       |       |     1 ||     1
